 Dungeon Sprint DCSS version 0.29.1-2-gbd0b4ee654 (webtiles) character file.

Game seed: 15525206238472079348

18188 Zeld the Executioner (level 12, -4/125 HPs)
             Began as a Minotaur Berserker on Oct 25, 2022.
             Was an Elder of Trog.
             Killed from afar by Lom Lobon (7 damage)
             ... with a vortex
             ... in the Dungeon (Sprint I: "Red Sonja").
             The game lasted 00:09:40 (8104 turns).

Zeld the Executioner (Minotaur Berserker)           Turns: 8104, Time: 00:09:41

Health: -4/125     AC:  3    Str: 25    XL:     12   Next: 25%
Magic:  3/11       EV: 19    Int:  4    God:    Trog [****..]
Gold:   358        SH:  0    Dex: 12    Spells: 11/11 levels left

rFire   . . .      SeeInvis +   a - +4 executioner's axe (vorpal)
rCold   . . .      Faith    .   (shield currently unavailable)
rNeg    . . .      Spirit   .   b - +0 animal skin
rPois   .          Reflect  .   (helmet restricted)
rElec   .          Harm     .   (no cloak)
rCorr   .          Rampage  .   (no gloves)
Will    +....      NoTele   +   (no boots)
Stlth   +.........              (no amulet)
HPRegen 0.30/turn               t - ring of see invisible
MPRegen 0.12/turn               d - ring of willpower

@: on berserk cooldown, flying (expiring), slowed, very slow
A: horns 2, retaliatory headbutt
a: Renounce Religion, Berserk, Trog's Hand, Brothers in Arms


You were in the Dungeon.
You worshipped Trog.
Trog was greatly pleased with you.
You visited 1 branch You collected 1971 gold pieces.
You spent 1613 gold pieces at shops.

Inventory:

Hand Weapons
 a - a +4 vorpal executioner's axe (weapon)
 s - a +1 broad axe of flaming
Armour
 b - a +0 animal skin (worn)
Jewellery
 d - a ring of willpower (right hand)
 t - a ring of see invisible (left hand)
Wands
 i - a wand of flame (7)
 q - a wand of iceblast (2)
 v - a wand of light (9)
Scrolls
 h - 5 scrolls of blinking
 j - a scroll of identify
 n - 2 scrolls of summoning
 p - a scroll of enchant armour
 u - a scroll of brand weapon
 x - a scroll of butterflies
Potions
 c - 4 potions of curing
 e - a potion of haste
 f - 2 potions of magic
 g - a potion of berserk rage
 k - 2 potions of resistance
 r - a potion of brilliance {unknown}
 w - a potion of invisibility {unknown}
Miscellaneous
 o - a phantom mirror


   Skills:
 + Level 17.3 Fighting
 * Level 23.4 Axes
 + Level 17.2 Armour
 + Level 15.9 Dodging


You had 11 spell levels left.
You didn't know any spells.
Your spell library was empty.

Dungeon Overview and Level Annotations

Branches:
Dungeon (1/1)

Altars:
Cheibriados
Dithmenos
Elyvilon
Fedhas
Gozag
Hepliaklqana
Kikubaaqudgha
Makhleb
Nemelex Xobeh
Okawaru
Qazlal
Ru
Sif Muna
Trog
Uskayaw
Vehumet
Wu Jian
Xom
Yredelemnul
Zin
The Shining One
Jiyva
Lugonu

Shops:
D (((????[*!(:*:=[=

Annotations:
D Lom Lobon


Innate Abilities, Weirdness & Mutations

You have a pair of horns on your head.
You reflexively headbutt those who attack you in melee.


Message History

You are no longer berserk.
You are exhausted.
You feel yourself slow down.
Blink to where?
Press: ? - help, Dir - move target
As you read the scroll of blinking, it crumbles to dust.
You float gracefully downwards.
Your iron troll goes berserk!
Something hits your iron troll but does no damage.
Unknown command.
Your ogre goes berserk!
Trog will no longer gift you weapons.
Your iron troll bites Lom Lobon!!!
Your iron troll closely misses Lom Lobon.
Your iron troll claws Lom Lobon!
Unknown command.
You swap places.
Something hits your iron troll but does no damage.
Something hits your ogre!!
Unknown command.
Unknown command.
Unknown command.
You see here a +6 battleaxe.
There is an open door, spattered with blood here.
You fail to use your ability.
Your iron troll barely misses Lom Lobon.
Your iron troll claws Lom Lobon!
Your iron troll closely misses Lom Lobon.
You fail to use your ability.
The winds around Lom Lobon calm down.
Lom Lobon gestures.
A freezing vortex appears around Lom Lobon!
Your iron troll bites Lom Lobon!!
Your iron troll barely misses Lom Lobon. x2
Lom Lobon hits your iron troll! The freezing vortex lifts you up.
You fly up into the air.
* * * LOW HITPOINT WARNING * * *
Your iron troll bites Lom Lobon!!!
Your iron troll claws Lom Lobon.
Your iron troll completely misses Lom Lobon.
* * * LOW HITPOINT WARNING * * *
You die...

##############################
§§§#..#.§§)§§&T§@§'..#..+§$$$#
§§&##'#§####§§§§§##..'..#§§$$#
§§§§..#O# ##§§§#######'# § §$#
####&§&§# ###§#.(.##.)#
..##+#### #.##...#..##
..#.....# #..###.#))≈###
..#...°.+ ##.#A#.#.)≈..#
#'###.○○# #..###.#..≈.##
#.'.#.°°# #)##...#..≈##


You could see Lom Lobon (vortex, ally target) and a friendly iron troll
(summoned, berserk).

Vanquished Creatures
  3 fire giants (D)
  A deep elf annihilator (D)
  A mummy priest (D)
  A hydra (D)
  2 centaur warriors (D)
  Sonja (D)
  A deep troll (D)
  A lindwurm (D)
  2 oklob plants (D)
  A merfolk siren (D)
  2 kobold demonologists (D)
  4 demonic crawlers (D)
  7 unseen horrors (D)
  A hellwing (D)
  A slime creature (D)
  2 hornets (D)
  Sigmund (D)
  A yak (D)
  13 hogs (D)
  2 redbacks (D)
  3 floating eyes (D)
  An ogre (D)
  7 necrophages (D)
  8 jellies (D)
  Ijyb (D)
68 creatures vanquished.

Vanquished Creatures (collateral kills)
  A fire giant (D)
  A merfolk siren (D)
  2 gargoyles (D)
  A hornet (D)
5 creatures vanquished.

Vanquished Creatures (others)
  2 hornets (D)
  2 ballistomycete spores (D)
4 creatures vanquished.

Grand Total: 77 creatures vanquished

Notes
Turn   | Place    | Note
-------+----------+-------------------------------------------
     0 | D        | Zeld the Minotaur Berserker began the quest for the Orb.
     0 | D        | Reached XP level 1. HP: 19/19 MP: 0/0
     1 | D        | Noticed Ijyb
     9 | D        | Killed Ijyb
    10 | D        | Reached skill level 5 in Axes
    10 | D        | Reached XP level 2. HP: 26/28 MP: 1/1
   114 | D        | Noticed an ogre
   118 | D        | Killed an ogre
   119 | D        | Reached skill level 7 in Axes
   119 | D        | Reached skill level 5 in Armour
   119 | D        | Reached XP level 3. HP: 37/37 MP: 2/2
   119 | D        | Reached XP level 4. HP: 44/44 MP: 3/3
   310 | D        | Noticed Sigmund
   316 | D        | Killed Sigmund
   316 | D        | Reached ** piety under Trog
   317 | D        | Reached skill level 10 in Axes
   317 | D        | Reached XP level 5. HP: 52/52 MP: 4/4
   317 | D        | Reached XP level 6. HP: 60/60 MP: 5/5
   414 | D        | Found a burning altar of Makhleb.
   414 | D        | Found a viscous altar of Jiyva.
   414 | D        | Found a shimmering altar of Xom.
   414 | D        | Found a corrupted altar of Lugonu.
   414 | D        | Noticed a slime creature
   424 | D        | Killed a slime creature
   425 | D        | Reached skill level 11 in Axes
   614 | D        | Noticed a kobold demonologist
   614 | D        | Noticed a floating eye
   614 | D        | Noticed a kobold demonologist
   617 | D        | Killed a floating eye
   618 | D        | Reached skill level 12 in Axes
   618 | D        | Reached XP level 7. HP: 70/70 MP: 6/6
   625 | D        | Killed a kobold demonologist
   626 | D        | Reached skill level 13 in Axes
   627 | D        | Killed a kobold demonologist
   627 | D        | Reached *** piety under Trog
   628 | D        | Reached skill level 10 in Fighting
   628 | D        | Reached XP level 8. HP: 79/79 MP: 7/7
   779 | D        | Found an ornate altar of the Wu Jian Council.
   779 | D        | Found a shimmering blue altar of Sif Muna.
   781 | D        | Found a radiant altar of Vehumet.
   785 | D        | Reached skill level 10 in Armour
   820 | D        | Found Tutuomo's Antique Weapon Emporium.
   820 | D        | Found an ancient bone altar of Kikubaaqudgha.
   820 | D        | Found a hazy altar of Hepliaklqana.
   820 | D        | Found a hide-covered altar of Uskayaw.
   820 | D        | Found a basalt altar of Yredelemnul.
   820 | D        | Found an opulent altar of Gozag.
   820 | D        | Found a snail-covered altar of Cheibriados.
   820 | D        | Found a sacrificial altar of Ru.
   820 | D        | Found a shadowy altar of Dithmenos.
   822 | D        | Found a stormy altar of Qazlal.
   822 | D        | Found a blossoming altar of Fedhas.
   822 | D        | Found a bloodstained altar of Trog.
   822 | D        | Found an iron altar of Okawaru.
   822 | D        | Found a glowing golden altar of the Shining One.
   822 | D        | Found a glowing silver altar of Zin.
   822 | D        | Found a white marble altar of Elyvilon.
   830 | D        | Reached skill level 14 in Axes
   831 | D        | Found a sparkling altar of Nemelex Xobeh.
   838 | D        | Bought a glowing broad axe for 133 gold pieces
   986 | D        | Noticed Sonja
   991 | D        | Killed Sonja
   991 | D        | Reached **** piety under Trog
   992 | D        | Reached skill level 15 in Axes
   992 | D        | Reached skill level 10 in Dodging
  1340 | D        | Found Toopamef's Weapon Boutique.
  1360 | D        | Noticed a deep troll
  1365 | D        | Killed a deep troll
  1366 | D        | Reached skill level 16 in Axes
  1366 | D        | Reached XP level 9. HP: 90/90 MP: 8/8
  1396 | D        | Found Jutur's Armour Emporium.
  1588 | D        | Noticed a centaur warrior
  1588 | D        | Noticed a centaur warrior
  1596 | D        | Killed a centaur warrior
  1603 | D        | Killed a centaur warrior
  1604 | D        | Reached skill level 17 in Axes
  1871 | D        | Reached ***** piety under Trog
  2025 | D        | Noticed an oklob plant
  2153 | D        | HP: 3/92 [oklob plant/splash of acid (32)]
  2516 | D        | Killed an oklob plant
  2517 | D        | Reached XP level 10. HP: 101/101 MP: 9/9
  2577 | D        | Reached skill level 18 in Axes
  2748 | D        | Received a gift from Trog
  2762 | D        | Reached ****** piety under Trog
  2775 | D        | Received a gift from Trog
  2813 | D        | Found Qulirig's Magic Scroll Shoppe.
  2813 | D        | Found Ycap Bug's Antique Weapon Shop.
  2813 | D        | Found Nuothrir's Magic Scroll Boutique.
  2815 | D        | Found Muaffuig's Magic Scroll Emporium.
  2815 | D        | Found Gunoa's Magic Scroll Shop.
  2815 | D        | Found Tutit's Armour Shoppe.
  2815 | D        | Found Giageq's Assorted Antiques.
  2815 | D        | Found Vav Omyr's Distillery.
  2815 | D        | Found Saolid Wih's Antique Weapon Shop.
  2815 | D        | Found Xofuck's Book Shoppe.
  2818 | D        | Bought a scroll of fear for 52 gold pieces
  2818 | D        | Bought a scroll of summoning for 123 gold pieces
  2818 | D        | Bought a scroll of identify for 26 gold pieces
  2819 | D        | Bought a scroll of blinking for 105 gold pieces
  2819 | D        | Bought a scroll of blinking for 105 gold pieces
  2819 | D        | Bought a scroll of blinking for 105 gold pieces
  2819 | D        | Bought a scroll of summoning for 133 gold pieces
  2819 | D        | Bought a scroll of enchant armour for 105 gold pieces
  2819 | D        | Found Taexest's Assorted Antiques.
  2820 | D        | Bought a scroll of enchant weapon for 105 gold pieces
  2820 | D        | Bought a scroll of blinking for 105 gold pieces
  2820 | D        | Found Dorav's Jewellery Emporium.
  2820 | D        | Found Nurearghu's Book Boutique.
  2821 | D        | Found Rytoxkiv's Jewellery Emporium.
  3008 | D        | Reached skill level 19 in Axes
  3015 | D        | Noticed a gargoyle
  3021 | D        | Killed a gargoyle
  3021 | D        | Received a gift from Trog
  3392 | D        | Noticed a lindwurm
  3398 | D        | Killed a lindwurm
  3599 | D        | Reached skill level 20 in Axes
  3601 | D        | Reached XP level 11. HP: 75/111 MP: 10/10
  3601 | D        | Received a gift from Trog
  3613 | D        | Reached skill level 15 in Fighting
  3821 | D        | Noticed a daeva
  3900 | D        | Received a gift from Trog
  3901 | D        | Reached skill level 15 in Armour
  4319 | D        | Noticed a 12-headed hydra
  4324 | D        | Killed a nine-headed hydra
  4324 | D        | Paralysed by a floating eye for 4 turns
  4423 | D        | Bought a ring of see invisible for 180 gold pieces
  4593 | D        | Reached skill level 21 in Axes
  4595 | D        | Received a gift from Trog
  5168 | D        | Noticed a fire giant
  5183 | D        | Killed a fire giant
  5195 | D        | Noticed a fire giant
  5493 | D        | Noticed a fire giant
  5501 | D        | Killed a fire giant
  5511 | D        | Killed a fire giant
  5512 | D        | Reached skill level 22 in Axes
  5512 | D        | Reached skill level 15 in Dodging
  5801 | D        | Noticed a fire giant
  5808 | D        | Killed a fire giant
  7140 | D        | Bought a scroll of blinking for 180 gold pieces
  7140 | D        | Bought a white potion for 21 gold pieces
  7140 | D        | Bought a potion of curing for 72 gold pieces
  7140 | D        | Bought a scroll labelled ILOPNOE CESY for 24 gold pieces
  7313 | D        | Noticed a deep elf annihilator
  7331 | D        | Reached XP level 12. HP: 13/124 MP: 11/11
  7336 | D        | Killed a deep elf annihilator
  7337 | D        | Reached skill level 23 in Axes
  7752 | D        | Noticed a mummy priest
  7821 | D        | Bought a potion of flight for 39 gold pieces
  7901 | D        | Killed a mummy priest
  8036 | D        | Noticed Lom Lobon
  8104 | D        | HP: 3/125 [Lom Lobon/vortex (8)]
  8104 | D        | Killed from afar by Lom Lobon

Illustrated notes

Levels and vault maps discovered:
D:        dungeon_sprint_1 [red_sonja_temple_1, red_sonja_temple_small_1]

Skill      XL: |  1  2  3  4  5  6  7  8  9 10 11 12 |
---------------+-------------------------------------+-----
Fighting       | 4 6 7 9 10 11 13 14 16 17 | 17.3
Axes           | 5 7 10 12 13 16 17 20 22 23 | 23.4
Armour         | 3 5 7 8 9 11 12 14 16 17 | 17.2
Dodging        | 3 4 6 7 9 10 11 13 15 | 15.9

Action                   |  1- 3 |  4- 6 |  7- 9 | 10-12 || total
-------------------------+-------+-------+-------+-------++-------
Melee: Hand axe          |    10 |    14 |    21 |       ||    45
       Headbutt          |     1 |     3 |     6 |    23 ||    33
       Punch             |       |     1 |       |     2 ||     3
       Broad axe         |       |       |    24 |    31 ||    55
       Executioner's axe |       |       |       |    92 ||    92
Invok: Berserk           |     2 |     3 |     4 |     9 ||    18
       Brothers in Arms  |       |       |       |     7 ||     7
       Trog's Hand       |       |       |       |     3 ||     3
  Use: Scroll            |       |       |       |     7 ||     7
       Potion            |       |       |       |     6 ||     6
Armor: Animal skin       |       |     1 |     9 |     6 ||    16
Dodge: Dodged            |     2 |     2 |    18 |   103 ||   125
